AoeStats
← DK_Odysseo

African Clearing

510387260Analyzed
4v4 RM · 2d ago on Sep 30, 2026· 47m 2s· 8 players
Game mode
Random Map
Map size
Large (8 player)
Population
200
Speed
Normal
Resources
Standard
Victory
Conquest
Starting age
Dark Age
Ending age
Imperial Age
RankedLock teamsTeams togetherTeam positionsShared explorationLock speedFull tech treeHidden civsTurbo modeCheats
Victory
Defeat
🇫🇷 Saracens · France
1778
+10
🇫🇷 Lithuanians · France
1698
+14
🇫🇷 Italians · France
1666
+15
🇫🇷 Bengalis · France
1521
+21
🇪🇸 Bulgarians · Spain
1687
-17
🇪🇸 Berbers · Spain
1655
-15
🇪🇸 Bohemians · Spain
1642
-15
🇪🇸 Shu · Spain
1584
-13
DK_Nightclaim
11:44 Loom
13:54 Feudal Age
18:39 Castle Age
16:47 Double-Bit Axe
18:58 Stone Mining
19:52 Bow Saw
22:22 Fishing Lines
23:35 Scale Mail Armor
27:16 Horse Collar
28:11 Heavy Plow
30:14 Chain Mail Armor
32:02 Fletching
33:20 Wheelbarrow
36:48 Imperial Age
36:01 Padded Archer Armor
36:15 Bodkin Arrow
36:34 Elite Skirmisher
37:39 Leather Archer Armor
37:58 Bracer
39:13 Ring Archer Armor
40:08 Ballistics
40:27 Conscription
42:51 Chemistry
44:45 Crossbowman
DK_virot16
11:06 Loom
13:40 Feudal Age
14:45 Double-Bit Axe
17:23 Fletching
17:35 Padded Archer Armor
18:40 Wheelbarrow
22:11 Castle Age
22:31 Crossbowman
23:19 Town Watch
41:05 Horse Collar
42:52 Husbandry
44:49 Leather Archer Armor
44:29 Bodkin Arrow
45:52 Light Cavalry
46:51 Bloodlines
46:52 Scale Barding Armor
46:57 Forging
DK_Dani
12:46 Feudal Age
13:40 Double-Bit Axe
16:29 Castle Age
14:37 Horse Collar
15:35 Loom
17:37 Bow Saw
17:28 Heavy Plow
18:57 Fervor
22:47 Town Watch
24:53 Wheelbarrow
26:53 Chemistry
30:11 Imperial Age
28:43 Padded Archer Armor
29:42 Leather Archer Armor
31:41 Ring Archer Armor
31:19 Wagenburg Tactics
31:35 Conscription
34:11 Siege Engineers
34:49 Houfnice
35:45 Elite Genitour
37:10 Fletching
37:55 Bodkin Arrow
40:45 Sanctity
41:10 Bracer
40:46 Pikeman
41:27 Squires
DK_Odysseo
11:28 Loom
13:38 Feudal Age
18:33 Castle Age
18:35 Fishing Lines
18:46 Fishing Lines
18:53 Double-Bit Axe
26:12 Horse Collar
28:22 Town Watch
31:42 Scale Barding Armor
32:55 Wheelbarrow
35:55 Imperial Age
35:08 Chain Barding Armor
34:58 Forging
35:01 Bloodlines
34:51 Husbandry
36:43 Hand Cart
37:13 Plate Barding Armor
36:57 Elite Konnik
39:34 Iron Casting
41:11 Blast Furnace
39:42 Capped Ram
40:36 Pikeman
41:16 Squires
41:20 Halberdier
41:29 Siege Ram
43:16 Scale Mail Armor
46:04 Chain Mail Armor
guimbo
8:00 Loom
11:48 Feudal Age
13:07 Double-Bit Axe
15:38 Fletching
19:31 Bloodlines
24:33 Castle Age
24:05 Scale Barding Armor
25:00 Light Cavalry
31:18 Horse Collar
33:33 Gold Mining
33:34 Stone Mining
36:51 Wheelbarrow
36:43 Town Watch
38:04 Bow Saw
39:50 Heavy Plow
41:28 Hand Cart
43:55 Imperial Age
42:22 Chain Barding Armor
42:16 Forging
43:06 Husbandry
43:59 Hussar
45:18 Plate Barding Armor
45:43 Iron Casting
45:45 Conscription
Roronoa Yolo
8:13 Loom
13:18 Feudal Age
14:11 Double-Bit Axe
17:13 Castle Age
15:00 Horse Collar
16:22 Gold Mining
18:31 Bow Saw
20:37 Wheelbarrow
21:15 Heavy Plow
22:24 Town Watch
29:21 Imperial Age
27:07 Fletching
27:41 Ballistics
28:41 Bodkin Arrow
29:12 Padded Archer Armor
30:14 Bracer
31:50 Chemistry
31:35 Leather Archer Armor
32:45 Hand Cart
32:32 Treadmill Crane
33:02 Masonry
33:54 Ring Archer Armor
34:51 Conscription
37:04 Silk Road
36:59 Pirotechnia
37:39 Architecture
37:40 Elite Skirmisher
38:26 Thumb Ring
38:59 Hoardings
39:28 Town Patrol
39:52 Bombard Tower
42:14 Murder Holes
46:17 Elite Genoese Crossbowman
Beauvéro
10:05 Loom
12:16 Feudal Age
17:01 Castle Age
14:55 Double-Bit Axe
15:23 Scale Barding Armor
15:40 Bloodlines
18:16 Horse Collar
23:46 Devotion
28:59 Forging
31:26 Chain Barding Armor
31:28 Bow Saw
33:33 Wheelbarrow
33:32 Husbandry
42:40 Imperial Age
42:13 Iron Casting
44:07 Plate Barding Armor
45:06 Gold Mining
45:24 Fletching
46:59 Bodkin Arrow
Hugo4774
11:26 Loom
13:11 Feudal Age
14:46 Double-Bit Axe
17:08 Castle Age
16:11 Horse Collar
16:22 Gold Mining
18:12 Bow Saw
22:47 Wheelbarrow
25:41 Town Watch
27:44 Fletching
28:47 Bodkin Arrow
29:35 Padded Archer Armor
33:00 Imperial Age
31:04 Leather Archer Armor
31:17 Ballistics
32:11 Husbandry
32:21 Bloodlines
32:46 Paiks
33:51 Bracer
34:27 Elite Elephant Archer
35:50 Conscription
36:29 Ring Archer Armor
36:17 Devotion
38:54 Mahayana
38:51 Hand Cart
38:37 Town Patrol
40:03 Two-Man Saw
39:04 Heavy Plow
42:21 Elite Battle Elephant
43:29 Scale Barding Armor
43:34 Forging
45:23 Chain Barding Armor
45:38 Iron Casting
46:17 Chemistry
Connection lost

Rejoining the realm…

Still unreachable

The connection could not be restored.

Session expired

The server has moved on; the page needs a fresh start.